 Dungeon Crawl Stone Soup version 0.19.5 (webtiles) character file.

6309 vatarom the Stormcaller (level 10, -6/58 HPs)
             Began as a Tengu Air Elementalist on Mar 8, 2017.
             Was a Priest of Sif Muna.
             Mangled by a hill giant
             ... wielding a +0 giant club
              (15 damage)
             ... on level 10 of the Dungeon.
             The game lasted 00:25:52 (11964 turns).

vatarom the Stormcaller (Tengu Air Elementalist)   Turns: 11964, Time: 00:25:53

Health: -6/58      AC:  8    Str:  9    XL:     10   Next: 95%
Magic:  0/28       EV: 13    Int: 18    God:    Sif Muna [***...]
Gold:   430        SH:  0    Dex: 15    Spells: 5 memorised, 6 levels left

rFire  . . .     SeeInvis +     k - staff of wizardry
rCold  . . .     Gourm    .     l - +2 leather armour {rPois}
rNeg   . . .     Faith    .     (no shield)
rPois  +         Spirit   .     (helmet restricted)
rElec  .         Reflect  .     w - +1 cloak {rPois}
rCorr  .         Harm     .     h - +0 pair of gloves
MR     .....                    (boots unavailable)
Stlth  ++........               (no amulet)
                                D - ring of see invisible
                                m - ring of magical power

@: repel missiles, no casting
A: beak, talons 3, able to fly 1
a: Fly, Stop Divine Energy, Channel Magic, Renounce Religion


You were on level 10 of the Dungeon.
You worshipped Sif Muna.
Sif Muna was most pleased with you.
You were not hungry.

You visited 2 branches of the dungeon, and saw 11 of its levels.

You collected 574 gold pieces.
You spent 144 gold pieces at shops.

Inventory:

Hand Weapons
 j - a +0 whip
 t - a +2 trident of protection
Armour
 h - a +0 pair of gloves (worn)
 l - a +2 leather armour of poison resistance (worn)
 w - a +1 cloak of poison resistance (worn)
Magical Staves
 k - an uncursed staff of wizardry (weapon)
Jewellery
 m - a ring of magical power (left hand)
 D - a ring of see invisible (right hand)
Wands
 a - a wand of confusion (20/48)
 b - a wand of digging (14/24)
 o - a wand of iceblast (7/15)
 p - a wand of iceblast (7/15)
 q - a wand of hasting (3/9)
 r - a wand of flame (21/48)
Scrolls
 e - 5 scrolls of enchant armour
 i - 4 scrolls of remove curse
 v - 2 scrolls of fear
 y - a scroll of enchant weapon
 C - a scroll of fog
 E - a scroll of amnesia
Potions
 d - a potion of agility
 f - a potion of haste
 s - a potion of magic
 u - a potion of lignification
 x - a potion of might
 z - a potion of curing
 A - a potion of flight
Books
 c - a book of Air

   Spells                             Type                      Level
   a - Shock                          Conjuration/Air              1
   b - Swiftness                      Charms/Air                   2
   c - Repel Missiles                 Charms/Air                   2
   d - Static Discharge               Conjuration/Air              3
   e - Lightning Bolt                 Conjuration/Air              5
Comestibles
 g - 3 meat rations
 n - 3 bread rations
 B - 2 beef jerkies


   Skills:
 + Level 4.8 Fighting
 + Level 2.1 Staves
 - Level 4.1 Dodging
 - Level 2.0 Stealth
 - Level 5.4 Spellcasting
 - Level 8.4 Conjurations
 - Level 15.4 Air Magic


You had 6 spell levels left.
You knew the following spells:

 Your Spells              Type           Power        Failure   Level  Hunger
a - Shock                 Conj/Air       ####         1%          1    None
b - Repel Missiles        Chrm/Air       ####..       1%          2    #......
c - Swiftness             Chrm/Air       ####....     1%          2    #......
d - Static Discharge      Conj/Air       #####...     1%          3    ##.....
e - Lightning Bolt        Conj/Air       #####.....   1%          5    ######.


Dungeon Overview and Level Annotations

Branches:
Dungeon (10/15)            Temple (1/1) D:4            Lair (0/6) D:8
    Orc: D:9-12

Altars:
Ashenzari
Cheibriados
Dithmenos
Elyvilon
Fedhas
Gozag
Hepliaklqana
Kikubaaqudgha
Makhleb
Nemelex Xobeh
Okawaru
Qazlal
Ru
Sif Muna
Trog
Uskayaw
Vehumet
Xom
Yredelemnul
Zin
The Shining One

Shops:
D:8 =   D:9 [


Innate Abilities, Weirdness & Mutations

You have a beak for a mouth.
You have claws for feet.
You can fly.


Message History

The lightning arcs!
You are struck by lightning.
The lightning grounds out.
The hill giant is struck by lightning.
The hill giant is almost dead.
The lightning arcs!
You are struck by lightning.
The lightning arcs!
The hill giant is struck by lightning.
The hill giant is almost dead.
The lightning grounds out.
The hill giant hits you with a giant club!!
Ouch! That really hurt!
* * * LOW HITPOINT WARNING * * *
You feel better.
Casting: Static Discharge
Confirm with . or Enter, or press ? or * to list all spells.
The hill giant is struck by lightning.
The hill giant is almost dead.
The lightning grounds out.
Sif Muna grants you divine energy.
You briefly lose access to your magic!
The hill giant hits you with a giant club!
You die...

.. ####..
##......
........
#########.......
#....<..#.....
#.......#..#
#.......'..#
..#########@.#
...........C##
...#####....#
#....# #....#
#....# #....#
...........#
...........#


You could see a hill giant.

Vanquished Creatures
  The ghost of Felix the Covert, a novice OpFE of Vehumet (D:9)
  Pikel (D:4)
  Maurice (D:8)
  A komodo dragon (D:8)
  A troll (D:10)
  A hippogriff (D:8)
  Sigmund (D:3)
  A wyvern (D:8)
  4 yaks (D:9)
  A spriggan (D:8)
  Eustachio (D:5)
  3 sky beasts
  A black bear (D:8)
  An ice beast (D:10)
  An orc warrior (D:7)
  3 slaves (D:4)
  2 phantoms
  4 ogres
  3 centaurs
  A big kobold (D:10)
  2 bullfrogs (D:6)
  4 scorpions
  5 killer bees (D:8)
  4 howler monkeys
  A bullfrog zombie (D:9)
  4 crimson imps
  A quasit (D:8)
  A bullfrog skeleton (D:5)
  2 orc priests
  8 orc wizards
  Jessica (D:3)
  Natasha (thrice) (D:3)
  3 iguanas
  3 worker ants
  A howler monkey zombie (D:8)
  12 adders
  8 gnolls
  An adder skeleton (D:4)
  A worm (D:2)
  4 dart slugs
  5 leopard geckos
  19 orcs
  5 giant cockroaches
  7 goblins
  7 hobgoblins
  9 jackals
  4 kobolds
  5 quokkas
  A ball python (D:5)
  7 bats
  5 frilled lizards
  A quokka zombie (D:6)
  8 rats
185 creatures vanquished.

Vanquished Creatures (others)
  A slave (D:7)
  An orc (D:7)
  A jackal (D:4)
  A plant (D:8)
4 creatures vanquished.

Grand Total: 189 creatures vanquished

Notes
Turn   | Place    | Note
-------+----------+-------------------------------------------
     0 | D:1      | vatarom the Tengu Air Elementalist began the quest for the Orb.
     0 | D:1      | Reached XP level 1. HP: 10/10 MP: 4/4
   527 | D:1      | Reached XP level 2. HP: 13/15 MP: 4/6
   808 | D:1      | Reached skill level 5 in Air Magic
   946 | D:1      | Learned a level 2 spell: Repel Missiles
   949 | D:1      | Learned a level 2 spell: Swiftness
  1424 | D:2      | Reached XP level 3. HP: 16/19 MP: 0/7
  1969 | D:2      | Reached skill level 6 in Air Magic
  2041 | D:2      | Found a snail-covered altar of Cheibriados.
  2047 | D:2      | Reached XP level 4. HP: 16/24 MP: 8/8
  2897 | D:3      | Gained mutation: You can fly. [Tengu growth]
  2897 | D:3      | Reached XP level 5. HP: 19/28 MP: 1/9
  3104 | D:3      | Noticed Jessica
  3539 | D:3      | Killed Jessica
  3539 | D:3      | Reached XP level 6. HP: 32/32 MP: 8/12
  3789 | D:3      | Reached skill level 7 in Air Magic
  3963 | D:3      | Noticed Natasha
  3968 | D:3      | Learned a level 3 spell: Static Discharge
  3976 | D:3      | Killed Natasha
  4069 | D:3      | Reached skill level 8 in Air Magic
  4175 | D:3      | Noticed Natasha
  4180 | D:3      | Killed Natasha
  4192 | D:3      | Noticed Natasha
  4196 | D:3      | Killed Natasha
  4196 | D:3      | Reached XP level 7. HP: 33/36 MP: 11/13
  4220 | D:3      | Noticed Sigmund
  4264 | D:3      | Killed Sigmund
  4264 | D:3      | Reached skill level 9 in Air Magic
  4370 | D:4      | Reached skill level 10 in Air Magic
  4577 | D:4      | Learned a level 5 spell: Lightning Bolt
  4587 | D:4      | Noticed Pikel
  4619 | D:4      | Killed Pikel
  4619 | D:4      | Reached skill level 11 in Air Magic
  4619 | D:4      | Reached XP level 8. HP: 9/41 MP: 11/14
  4925 | D:4      | Reached skill level 12 in Air Magic
  4984 | D:4      | Found a sacrificial altar of Ru.
  5091 | D:4      | Found a staircase to the Ecumenical Temple.
  5102 | Temple   | Entered the Ecumenical Temple
  5164 | Temple   | Became a worshipper of Sif Muna the Loreminder
  5710 | D:5      | Entered Level 5 of the Dungeon
  5728 | D:5      | Noticed Eustachio
  5741 | D:5      | Killed Eustachio
  5741 | D:5      | Reached skill level 13 in Air Magic
  5913 | D:5      | Found a hide-covered altar of Uskayaw.
  5958 | D:5      | Reached XP level 9. HP: 35/45 MP: 15/15
  6018 | D:5      | Reached skill level 1 in Fighting
  6353 | D:5      | Found Hetafice's Antique Weapon Shoppe.
  6507 | D:5      | Found a basalt altar of Yredelemnul.
  6508 | D:5      | Found a shimmering altar of Xom.
  6508 | D:5      | Found a glowing golden altar of the Shining One.
  6509 | D:5      | Found a shattered altar of Ashenzari.
  7284 | D:6      | You fall through a shaft for 3 floors!
  7309 | D:8      | Reached * piety under Sif Muna
  7309 | D:8      | Reached skill level 5 in Conjurations
  7555 | D:8      | Noticed Maurice
  7559 | D:8      | Killed Maurice
  7696 | D:8      | Reached skill level 5 in Spellcasting
  8280 | D:7      | Reached XP level 10. HP: 48/56 MP: 18/18
  8983 | D:7      | Found a stormy altar of Qazlal.
  9795 | D:8      | Reached ** piety under Sif Muna
  9982 | D:8      | Found Ocziuc's Jewellery Shoppe.
 10109 | D:8      | Found a staircase to the Lair.
 10131 | D:8      | Reached skill level 14 in Air Magic
 10735 | D:9      | Found a hazy altar of Hepliaklqana.
 10742 | D:9      | Noticed Felix's ghost (novice OpFE)
 10910 | D:9      | Found an opulent altar of Gozag.
 10911 | D:9      | Found a shadowy altar of Dithmenos.
 10970 | D:9      | Killed Felix's ghost
 10970 | D:9      | Reached *** piety under Sif Muna
 10970 | D:9      | Reached skill level 15 in Air Magic
 11307 | D:9      | Found Wuben's Antique Armour Shoppe.
 11315 | D:9      | Bought a glowing leather armour for 144 gold pieces
 11625 | D:10     | Entered Level 10 of the Dungeon
 11727 | D:10     | Reached skill level 1 in Staves
 11752 | D:10     | Noticed a guardian serpent
 11948 | D:10     | Noticed a hill giant
 11962 | D:10     | HP: 2/58 [hill giant/giant club (35)]
 11964 | D:10     | Mangled by a hill giant

Skill      XL: |  1  2  3  4  5  6  7  8  9 10 |
---------------+-------------------------------+-----
Air Magic      | 5 6 8 11 13 15 | 15.4
Spellcasting   | 3 5 |  5.4
Conjurations   | 3 8 |  8.4
Fighting       | 4 |  4.8
Dodging        | 4 |  4.1
Staves         | 2 |  2.1
Stealth        | |  2.0

Action                   |  1- 3 |  4- 6 |  7- 9 | 10-12 || total
-------------------------+-------+-------+-------+-------++-------
Melee: Unarmed           |    39 |    15 |       |       ||    54
       Kick              |    11 |     7 |     6 |     5 ||    29
       Peck              |     4 |     4 |     6 |     6 ||    20
       Staff             |       |    12 |    15 |    16 ||    43
       Whip              |       |       |     7 |       ||     7
       Trident           |       |       |       |    23 ||    23
 Cast: Shock             |    59 |    80 |   153 |   105 ||   397
       Static Discharge  |       |     1 |    35 |    28 ||    64
       Repel Missiles    |       |     1 |       |     1 ||     2
       Lightning Bolt    |       |       |    10 |    24 ||    34
Invok: Divine Energy     |       |       |       |     1 ||     1
 Abil: Fly               |       |       |     3 |       ||     3
  Use: Scroll            |     6 |     1 |     9 |     4 ||    20
       Potion            |     2 |     6 |     4 |     2 ||    14
 Stab: Sleeping          |     1 |       |     1 |     1 ||     3
  Eat: Chunk             |     5 |     2 |     4 |     3 ||    14
       Bread ration      |       |     1 |     2 |     2 ||     5
       Meat ration       |       |       |     2 |     1 ||     3
       Beef jerky        |       |       |       |     1 ||     1
Armor: Robe              |    18 |    20 |    18 |    12 ||    68
       Leather armour    |       |       |       |    12 ||    12
Dodge: Dodged            |    42 |    58 |    45 |    53 ||   198
       Deflected         |       |       |     1 |     3 ||     4
